 Dungeon Crawl Stone Soup version 0.29-a0-512-gf59ac788ac (webtiles) character file.

Game seed: 10016484781679582546

2251 greasedhog the Changer (level 9, -2/76 HPs)
             Began as a White Draconian Transmuter on May 29, 2022.
             Was an Initiate of Sif Muna.
             Slain by Grum
             ... wielding a -2 glaive
              (7 damage)
             ... on level 7 of the Dungeon.
             The game lasted 00:21:50 (7860 turns).

greasedhog the Changer (White Draconian Transmuter) Turns: 7860, Time: 00:21:50

Health: -2/76      AC: 11    Str: 13    XL:     9   Next: 15%
Magic:  11/15      EV: 11    Int: 15    God:    Sif Muna [......]
Gold:   246        SH:  0    Dex: 14    Spells: 3/16 levels left

rFire   x . .      SeeInvis .     - Unarmed
rCold   + + +      Faith    .   (shield currently unavailable)
rNeg    . . .      Spirit   .   (body armour unavailable)
rPois   +          Reflect  .   (helmet currently unavailable)
rElec   .          Harm     .   (cloak currently unavailable)
rCorr   .          Rampage  .   (gloves currently unavailable)
Will    .....                   (boots currently unavailable)
Stlth   +.........              (no amulet)
HPRegen 0.22/turn               o - +4 ring of protection
MPRegen 0.14/turn               (no ring)

@: ice-form
A: freezing attack, amphibious, boosted hp, (breathe frost), AC +7, large,
unfitting armour, (cold resistance 1), (cold-blooded)
a: End Transformation, Renounce Religion


You were on level 7 of the Dungeon.
You worshipped Sif Muna.
Sif Muna was noncommittal.
You were a creature of crystalline ice.
You visited 2 branches of the dungeon, and saw 9 of its levels.

You collected 342 gold pieces.
You spent 96 gold pieces at shops.

Inventory:

Armour
 l - an orb of energy
Jewellery
 o - a +4 ring of protection (left front paw)
Wands
 s - a wand of iceblast (8)
Scrolls
 g - 4 scrolls of blinking
 k - 5 scrolls of teleportation
 m - 2 scrolls of vulnerability
 n - 2 scrolls of enchant weapon
 q - 6 scrolls of identify
 t - a scroll of poison
 u - a scroll of torment
Potions
 a - 2 potions of lignification
 b - a potion of brilliance {unknown}
 c - a potion of flight {unknown}
 d - 2 potions of ambrosia
 e - 4 potions of curing
 f - 2 potions of might
 h - 4 potions of heal wounds
 i - a potion of mutation {unknown}
 j - 3 potions of haste {unknown}
 p - a potion of invisibility {unknown}
 r - a potion of berserk rage {unknown}


   Skills:
 - Level 1.1 Fighting
 - Level 5.1 Dodging
 * Level 4.3 Unarmed Combat
 - Level 4.0 Spellcasting
 * Level 7.3 Transmutations
 - Level 5.0 Ice Magic
 - Level 4.1 Poison Magic
 * Level 2.1 Invocations


You had 3 spell levels left.
You knew the following spells:

 Your Spells              Type           Power      Damage    Failure   Level
a - Beastly Appendage     Tmut           50%        N/A       1%          1
b - Spider Form           Tmut/Pois      20%        N/A       4%          3
c - Ice Form              Ice/Tmut       21%        N/A       14%         4
d - Blade Hands           Tmut           12%        N/A       24%         5

Your spell library contained the following spells:

 Spells                   Type           Power      Damage    Failure   Level
 Sting                    Tmut/Pois      80%        1d7       1%          1
 Wereblood                Tmut           25%        N/A       1%          2
 Passwall                 Tmut/Erth      11%        N/A       6%          2
 Ignite Poison            Fire/Tmut/Pois 14%        N/A       11%         3
 Apportation              Tloc           6%         N/A       19%         1
 Necrotize                Necr           12%        1d4       19%         1
 Dazzling Flash           Conj/Hex       6%         N/A       47%         3
 Portal Projectile        Hex/Tloc       6%         N/A       47%         3
 Tukima's Dance           Hex            3%         N/A       47%         3
 Vampiric Draining        Necr           3%         2d6       47%         3
 Alistair's Intoxication  Tmut/Pois      13%        N/A       43%         5
 Iskenderun's Mystic Bla  Conj/Tloc      3%         2d3       87%         4
 Agony                    Necr           3%         N/A       99%         5
 Silence                  Hex/Air        1%         N/A       99%         5


Dungeon Overview and Level Annotations

Branches:
Dungeon (8/15)             Temple (1/1) D:5
   Lair: D:8-11

Altars:
Ashenzari
Cheibriados
Dithmenos
Elyvilon
Fedhas
Gozag
Hepliaklqana
Kikubaaqudgha
Makhleb
Nemelex Xobeh
Okawaru
Qazlal
Ru
Sif Muna
Trog
Uskayaw
Vehumet
Wu Jian
Xom
Yredelemnul
Zin
The Shining One

Shops:
D:4 (?(!

Annotations:
D:7 Grum


Innate Abilities, Weirdness & Mutations

You are a creature of crystalline ice.
You have a powerful freezing melee attack.
You are amphibious.
Your maximum health is increased.
Your armour is entirely melded.
You are incapable of wielding weapons or throwing items.
((You can breathe waves of freezing cold which knock back foes.))
((Your icy white scales are hard. (AC +7)))
You cannot fit into any form of body armour.
((Your flesh is cold resistant. (rC+)))
((You are cold-blooded and may be slowed by cold attacks.))


Message History

You start resting.
Your transformation is almost over.
Your transformation has ended.
You start resting.
Magic restored.
Okay, then.
You start resting.
HP restored.
There is a stone staircase leading down here.
Done exploring.
There is a stone staircase leading down here.
You climb downwards.
Level annotation: Grum Grum closely misses you.
Grum hits you with a -2 glaive!
There is a stone staircase leading up here.
Grum hits you with a -2 glaive!
You climb upwards.
There is a stone staircase leading down here.
Casting: Spider Form (dangerous; 4% risk of failure)
Confirm with . or Enter, or press ? or * to list all spells.
You turn into a creature of crystalline ice.
Grum hits you with a -2 glaive!!
You hit Grum. You freeze Grum.
Grum is lightly wounded.
Grum closely misses you.
You hit Grum. You freeze Grum.
Grum is lightly wounded.
Grum completely misses you.
You punch Grum! You freeze Grum.
Grum is heavily wounded.
Grum hits you with a -2 glaive!
* * * LOW HITPOINT WARNING * * *
You hit Grum but do no damage.
Grum is heavily wounded.
Grum hits you with a -2 glaive!
* * * LOW HITPOINT WARNING * * *
You punch Grum! You freeze Grum.
Grum is severely wounded.
Grum hits you with a -2 glaive!
You die...

#.#.##.#.#.+...........# #
#####...##.#(#.#...........# #
##....!####.#.#...........### #
.........##.#.##.....<....# #
##.....#.##.#.##..........# #
#.....#.##.#.##..........#######
#.....#....#...)................
##..............g.........#######
...≈.≈≈≈≈≈.≈....Y.........#
...≈.......≈.###†##########
##.≈.≈...≈.≈.# #.# #.≈.≈._.≈.≈.#
#.# #.≈.≈...≈.≈.# #.#
#.≈.......≈.###.#
#.≈.≈≈≈≈≈.≈..##.##########
#............##.#........#
###.##.....#.##.#.)......#


You could see Grum.

Vanquished Creatures
  2 steam dragons
  A water moccasin (D:5)
  2 orc warriors
  A black bear (D:6)
  An ice beast (D:6)
  2 ogres
  A wolf (D:7)
  2 centaurs (D:7)
  A kobold brigand (D:5)
  A gnoll sergeant (D:6)
  2 scorpions (D:6)
  A necrophage (D:4)
  3 wights (D:8)
  A howler monkey (D:6)
  2 hounds (D:6)
  An orc priest (D:5)
  2 jellies
  Ijyb (D:3)
  Jessica (D:2)
  5 orc wizards
  7 gnolls
  7 adders
  2 white imps
  3 worms
  4 dart slugs (D:1)
  22 orcs
  8 ball pythons
  4 bats
  6 endoplasms
  3 giant cockroaches
  13 hobgoblins
  4 jackals (D:2)
  9 kobolds
  4 quokkas
  A frilled lizard (D:1)
  7 goblins
  8 rats
145 creatures vanquished.

Notes
Turn   | Place    | Note
-------+----------+-------------------------------------------
     0 | D:1      | greasedhog the Draconian Transmuter began the quest for the
                  | Orb.
     0 | D:1      | Reached XP level 1. HP: 16/16 MP: 3/3
   187 | D:1      | Reached XP level 2. HP: 20/23 MP: 3/5
   608 | D:1      | Identified a scroll of acquirement
   608 | D:1      | Acquired Ukhlerem's Collected Works on Displaced Shape
                  | Shifting
   736 | D:1      | Reached XP level 3. HP: 28/28 MP: 5/7
   832 | D:1      | Reached skill level 3 in Transmutations
  1053 | D:1      | Found a broken altar of Ashenzari.
  1424 | D:2      | Reached XP level 4. HP: 28/35 MP: 8/8
  1526 | D:2      | Noticed Jessica
  1532 | D:2      | Killed Jessica
  1742 | D:2      | Learned a level 3 spell: Spider Form
  1747 | D:2      | Learned a level 4 spell: Ice Form
  2027 | D:2      | Reached XP level 5. HP: 21/40 MP: 8/10
  2364 | D:2      | Reached skill level 4 in Transmutations
  2481 | D:3      | Noticed Ijyb
  2519 | D:3      | Killed Ijyb
  3342 | D:4      | Reached XP level 6. HP: 42/47 MP: 12/12
  3682 | D:4      | Found Cuetycegeng's Magic Scroll Shop.
  3689 | D:4      | Reached skill level 5 in Transmutations
  3710 | D:4      | Bought a scroll of identify for 24 gold pieces
  3710 | D:4      | Bought a scroll of identify for 24 gold pieces
  3710 | D:4      | Bought a scroll of identify for 24 gold pieces
  3710 | D:4      | Bought a scroll of identify for 24 gold pieces
  3718 | D:4      | Found Ipnupoz's Antique Weapon Shoppe.
  3823 | D:4      | Found Rony's Distillery.
  3910 | D:4      | Found Hib Lys's Weapon Shoppe.
  4086 | D:5      | Entered Level 5 of the Dungeon
  4086 | D:5      | Noticed a water moccasin
  4132 | D:5      | Killed a water moccasin
  4133 | D:5      | Reached skill level 1 in Poison Magic
  4232 | D:4      | Your scales start taking on an icy white colour.
  4232 | D:4      | Reached XP level 7. HP: 34/52 MP: 8/13
  4232 | D:4      | Gained mutation: Your flesh is cold resistant. (rC+) [White
                  | Draconian growth]
  4507 | D:5      | Reached skill level 1 in Ice Magic
  4653 | D:5      | Found a staircase to the Ecumenical Temple.
  4660 | D:5      | You fall into a shaft and drop 1 floor!
  4729 | D:6      | Noticed a steam dragon
  4751 | D:6      | Killed a steam dragon
  4812 | D:6      | Reached skill level 6 in Transmutations
  5017 | D:6      | Reached XP level 8. HP: 51/59 MP: 10/14
  6247 | Temple   | Entered the Ecumenical Temple
  6514 | Temple   | Became a worshipper of Sif Muna the Loreminder
  6619 | D:7      | Reached skill level 5 in Dodging
  6996 | D:7      | Found a burning altar of Makhleb.
  7218 | D:7      | Reached skill level 5 in Ice Magic
  7395 | D:7      | Learned a level 5 spell: Blade Hands
  7468 | D:7      | Reached skill level 7 in Transmutations
  7590 | D:8      | Reached skill level 1 in Invocations
  7590 | D:8      | Reached XP level 9. HP: 64/64 MP: 10/15
  7679 | D:8      | Noticed Grum
  7860 | D:7      | Slain by Grum

Illustrated notes

Levels and vault maps discovered:
D:1:      dpeg_arrival_lava_altar, layout_loops_ring
D:2:      layout_loops_cross, uniq_jessica
D:3:      layout_rooms, uniq_ijyb
D:4:      layout_rooms, serial_shops, shop, nicolae_shop_behind_doors,
          kennysheep_little_box, shop
D:5:      layout_rooms, minmay_temple_entry_tees
D:6:      layout_basic
D:7:      layout_basic, mainiacjoe_overflow_cross_hatched
D:8:      layout_basic, david_lair_generic, kennysheep_generic_room_5,
          uniq_grum, uniq_amaemon, uniq_pikel
Temple:   mainiacjoe_temple_hex_bubbles

Skill      XL: |  1  2  3  4  5  6  7  8  9 |
---------------+----------------------------+-----
Transmutations | 3 4 5 6 7 |  7.3
Spellcasting   | 3 4 |  4.0
Dodging        | 2 3 4 5 |  5.1
Poison Magic   | 1 3 4 |  4.1
Ice Magic      | 2 5 |  5.0
Invocations    | 1 2 |  2.1
Unarmed Combat | 4 |  4.3
Fighting       | |  1.1

Action                   |  1- 3 |  4- 6 |  7- 9 || total
-------------------------+-------+-------+-------++-------
Melee: Unarmed           |    99 |   208 |   195 ||   502
       Headbutt          |    24 |    30 |       ||    54
       Kick              |    26 |    42 |       ||    68
       Tailslap          |     6 |    21 |       ||    27
       Punch             |       |     3 |     1 ||     4
 Cast: Beastly Appendage |    28 |    39 |       ||    67
       Ice Form          |       |     1 |     3 ||     4
       Spider Form       |       |       |    29 ||    29
  Use: Scroll            |     3 |     4 |     3 ||    10
 Stab: Sleeping          |     2 |       |     1 ||     3
Armor: Skin              |    25 |    66 |    31 ||   122
Dodge: Dodged            |    48 |   113 |   220 ||   381

Table legend: (Time is in decaauts)
 A = Elapsed time spent in this place.
 B = Non-inter-level travel time spent in this place.
 C = Inter-level travel time spent in this place.
 D = Time resting spent in this place.
 E = Time spent auto-exploring this place.
 F = Levels seen in this place.
 G = Mean time per level.
                   A        B        C        D        E       F      G
               +--------+--------+--------+--------+--------+-----+--------+
         Total |   7839 |   7428 |    411 |   1170 |   4867 |   9 |  871.0 |
       Dungeon |   7547 |   7196 |    351 |   1170 |   4651 |   8 |  943.4 |
        Temple |    291 |    231 |     60 |      0 |    216 |   1 |  291.0 |
               +--------+--------+--------+--------+--------+-----+--------+

Top non-repeatable levels by time:
     D:6: 1462 daAuts
     D:1: 1267 daAuts
     D:2: 1188 daAuts
     D:4: 911 daAuts
     D:7: 904 daAuts
     D:3: 863 daAuts
     D:5: 812 daAuts
  Temple: 291 daAuts
     D:8: 136 daAuts
